 Dungeon Crawl Stone Soup version 0.22-a0-252-gcace5d2 (webtiles) character file.

10 Amnesiac the Ducker (level 2, -2/16 HPs)
             Began as a Spriggan Fighter on Mar 2, 2018.
             Killed from afar by a dart slug (4 damage)
             ... with a slug dart
             ... on level 1 of the Dungeon.
             The game lasted 00:00:20 (90 turns).

Amnesiac the Ducker (Spriggan Fighter)                Turns: 90, Time: 00:00:21

Health: -2/16      AC:  2    Str: 12    XL:     2   Next: 10%
Magic:  3/3        EV: 19    Int:  9    God:
Gold:   7          SH:  6    Dex: 15    Spells: 1/1 levels left

rFire    . . .     SeeInvis +   a - +0 long sword
rCold    . . .     Gourm    .   c - +0 buckler
rNeg     . . .     Faith    .   b - +0 robe
rPois    .         Spirit   .   (helmet restricted)
rElec    .         Reflect  .   (no cloak)
rCorr    .         Harm     .   (gloves unavailable)
MR       .....                  (boots unavailable)
Stlth    +.........             (no amulet)
HPRegen  0.05/turn              (no ring)
MPRegen  0.08/turn              (no ring)

@: very quick
A: very small, unfitting armour, see invisible, herbivore, speed 3, slow
metabolism 2
a: no special abilities


You were on level 1 of the Dungeon.
You were not hungry.

You visited 1 branch of the dungeon, and saw 1 of its levels.

You collected 7 gold pieces.

Inventory:

Hand Weapons
 a - a +0 long sword (weapon)
Armour
 b - a +0 robe (worn)
 c - a +0 buckler (worn)
Scrolls
 e - a scroll of enchant weapon {!r, unknown}
Potions
 d - a potion of might {!q}
Comestibles
 f - 2 rations


   Skills:
 + Level 2.5 Fighting
 - Level 2.0 Long Blades
 * Level 4.7 Dodging
 + Level 2.2 Shields


You had one spell level left.
You didn't know any spells.

Dungeon Overview and Level Annotations

Branches:
Dungeon (1/15)

Altars:


Innate Abilities, Weirdness & Mutations

You are very small and have problems with some larger weapons.
You are too small for most types of armour.
You have supernaturally acute eyesight. (SInv)
You are a herbivore.
You cover ground extremely quickly.
You need consume almost no food.


Message History

The ooze quivers.
You slash the ooze!
The ooze is severely wounded.
The ooze closely misses you.
You riposte.
You barely miss the ooze.
The ooze is severely wounded.
You barely miss the ooze.
The ooze is severely wounded.
You block the ooze's attack. The ooze misses you.
You hit the ooze but do no damage.
The ooze is severely wounded.
The kobold shouts!
The ooze completely misses you.
You riposte.
You slash the ooze!
You kill the ooze!
Training target 2.0 for Long Blades reached!
Your Long Blades skill increases to level 2!
You have reached level 2!
The kobold closely misses you.
You barely miss the kobold. You block the kobold's attack.
You closely miss the kobold. The kobold misses you.
You riposte.
You barely miss the kobold. You hit the kobold.
You kill the kobold!
No target in view!
No target in view!
Things that are here:
a whip; a kobold corpse No target in view!
A goblin comes into view.
The goblin shouts!
You hear a shout!
Found a bubbling emerald potion.
You see here a scroll labeled ITWERU ARYM {!r}.
A goblin is nearby!
A dart slug comes into view.
A giant cockroach comes into view.
There are monsters nearby!
The goblin hits you.
You hit the goblin.
The goblin is moderately wounded.
The dart slug launches a dart at you. The slug dart hits you!
* * * LOW HITPOINT WARNING * * *
You block the goblin's attack.
You closely miss the goblin.
The goblin is moderately wounded.
The goblin completely misses you.
You closely miss the goblin.
The goblin is moderately wounded.
The goblin completely misses you. x2
A goblin comes into view. It is wielding a club.
The goblin shouts!
You slash the goblin!
You kill the goblin!
The dart slug launches a dart at you. The slug dart hits you!
* * * LOW HITPOINT WARNING * * *
You are too injured to fight recklessly!
You are too injured to fight recklessly!
You are too injured to fight recklessly!
You are too injured to fight recklessly!
You hit the dart slug.
The dart slug is moderately wounded.
The dart slug launches a dart at you. The slug dart hits you!
You die...

.... ... # ........ .. ...
... #.###..... .....#.#
..... #!####w### #
#...g@.?.#.# #####.##.#.#
#......# ####.########
#......... #.........
#######.######
#########.......# #
#.........##############.#


You could see a dart slug and a goblin.

Vanquished Creatures
  An ooze (D:1)
  A leopard gecko (D:1)
  A goblin (D:1)
  2 kobolds (D:1)
5 creatures vanquished.

Notes
Turn   | Place    | Note
-------+----------+-------------------------------------------
     0 | D:1      | Amnesiac the Spriggan Fighter began the quest for the Orb.
     0 | D:1      | Reached XP level 1. HP: 11/11 MP: 2/2
    62 | D:1      | Reached XP level 2. HP: 13/16 MP: 3/3
    90 | D:1      | Killed from afar by a dart slug

Vault maps used:
D:1:      eino_arrival_cavern_b, serial_bayou_crossing

Skill      XL: |  1 |
---------------+----+-----
Long Blades    | 2 |  2.0
Fighting       | |  2.5
Dodging        | |  4.7
Shields        | |  2.2

Action                   || total
-------------------------++-------
Melee: Long sword        ||    18
Armor: Robe              ||     1
Dodge: Dodged            ||    14
Block: Buckler           ||     6
       Rpst.: Long sword ||     5

Table legend:
 A = Spawn XP
 B = Non-spawn XP
 C = Spawn XP percentage of total XP
 D = Spawn monster count
 E = Non-spawn monster count
 F = Spawn count percentage of total count
 G = Total turns spent on level
                    A         B        C        D         E        F      G
               +---------+---------+-------+---------+---------+-------+---------
         Total |       0 |      15 |   0.0 |       0 |       5 |   0.0 |    90
               +---------+---------+-------+---------+---------+-------+---------
           D:1 |       0 |      15 |   0.0 |       0 |       5 |   0.0 |    90
               +---------+---------+-------+---------+---------+-------+---------
